[Event "Titled Tuesday Blitz June 27 Late 2023"]
[White "Vasquez Garrido, Nuremberg"]
[Black "Andersson, Bjorn 1971"]
[WhiteFideId "4432118"]
[BlackFideId "1702114"]
[WhiteElo "2080"]
[BlackElo "2341"]
[Result "1-0"]
[Round "10"]
[TimeControl "180+2"]
[Date "2023.06.27"]
[WhiteClock "0:00:51"]
[BlackClock "0:00:13"]
[Board "99"]

1. d4 c5 2. e3 b6 3. Bd3 Bb7 4. Nf3 cxd4 5. exd4 g6 6. Bg5 h6 7. Bh4 g5 8. Bg3 Bg7 9. c3 d6 10. O-O Nf6 11. Nbd2 Nh5 12. Qe2 Nd7 13. Bxd6 O-O 14. Bxe7 Nf4 15. Bxd8 Nxe2+ 16. Bxe2 Raxd8 17. Rfe1 f5 18. Bc4+ Kh8 19. Re7 Bf6 20. Re6 g4 21. Nh4 Bxh4 22. Rxh6+ Kg7 23. Rxh4 Kg6 24. Re1 Nf6 25. Re7 Rd7 26. Rxd7 Nxd7 27. h3 Nf6 28. hxg4 fxg4 29. Bd3+ Kg5 30. g3 Re8 31. Kf1 Nh5 32. Be2 Bc8 33. f4+ gxf3 34. Nxf3+ Kg6 35. Ne5+ Rxe5 36. dxe5 Nxg3+ 37. Kf2 Nf5 38. Bd3 Kg5 39. Bxf5 Bxf5 40. Rd4 Be6 41. Ra4 Kf5 42. Rxa7 Kxe5 43. Ke3 Kd6 44. Ra6 Kc7 45. a4 Bc4 46. Ra7+ Kc6 47. b4 Bb3 48. Kd4 Bc4 49. b5+ Kd6 50. Kxc4 1-0


[Site "https://www.chess.com"]

[Event "Titled Tuesday Blitz June 27 Late 2023"]
[White "Shapiro, Daniel"]
[Black "Vargas, Mauricio"]
[WhiteFideId "2001780"]
[BlackFideId "4404572"]
[WhiteElo "2332"]
[BlackElo "1876"]
[Result "1-0"]
[Round "10"]
[TimeControl "180+2"]
[Date "2023.06.27"]
[WhiteClock "0:01:02"]
[BlackClock "0:00:17"]
[Board "100"]

1. d4 d5 2. c4 c6 3. Nf3 e6 4. Qb3 Nf6 5. Nc3 Bd6 6. Bg5 Nbd7 7. e3 O-O 8. Bd3 dxc4 9. Bxc4 b5 10. Be2 a5 11. Rd1 a4 12. Qc2 Bb7 13. e4 e5 14. dxe5 h6 15. Bxf6 gxf6 16. Rxd6 Qe7 17. Qd2 Nc5 18. Qxh6 fxe5 19. Rf6 b4 20. Ng5 Qxf6 21. Qh7# 1-0


[Site "https://www.chess.com"]

[Event "Titled Tuesday Blitz June 27 Late 2023"]
[White "Kujawski, Adam"]
[Black "Cooper, Aaron"]
[WhiteFideId "1100920"]
[BlackFideId "2634945"]
[WhiteElo "2328"]
[BlackElo "2182"]
[Result "0-1"]
[Round "10"]
[TimeControl "180+2"]
[Date "2023.06.27"]
[WhiteClock "0:00:01"]
[BlackClock "0:00:07"]
[Board "101"]

1. e4 d5 2. exd5 Qxd5 3. Nc3 Qd6 4. d4 Nf6 5. Bc4 a6 6. Bb3 b5 7. Qf3 Nc6 8. Bf4 Qd7 9. Nd5 Nxd5 10. Qxd5 e6 11. Qxd7+ Bxd7 12. c3 Bd6 13. Ne2 Ke7 14. a4 Na5 15. Bc2 Rhb8 16. O-O bxa4 17. Rfb1 Nb3 18. Ra2 Bb5 19. Bxd6+ cxd6 20. Nc1 Nd2 21. Rba1 Bc6 22. f3 Nc4 23. Nd3 a5 24. Kf2 Bd5 25. Ke2 g5 26. Bxa4 Nb6 27. b3 Nxa4 28. Rxa4 Rxb3 29. Rxa5 Rxa5 30. Rxa5 Bc4 31. Ra7+ Kf6 32. Kd2 Bxd3 33. Kxd3 Rb2 34. c4 Rxg2 35. c5 dxc5 36. dxc5 Rg1 37. Kc2 Rf1 38. c6 Rf2+ 39. Kc3 Rxf3+ 40. Kd2 Rf5 41. c7 Rc5 42. Kd3 h5 43. Kd4 Rc6 44. Ke4 h4 45. h3 Kg6 46. Kf3 f5 47. Ke3 g4 48. Kf4 gxh3 49. Kf3 h2 50. Kg2 Rc2+ 51. Kh1 f4 52. c8=Q Rxc8 53. Kxh2 Kf5 54. Kh3 Rc3+ 55. Kg2 h3+ 56. Kf2 h2 57. Rh7 e5 58. Ke2 e4 59. Kd2 Rd3+ 60. Kc2 f3 61. Rxh2 Kf4 62. Rh4+ Ke3 63. Rh8 Rd2+ 64. Kc1 Rd3 65. Rg8 f2 66. Rg3+ Ke2 67. Re3+ Kxe3 0-1


[Site "https://www.chess.com"]

[Event "Titled Tuesday Blitz June 27 Late 2023"]
[White "Dmitriev, Sergey"]
[Black "Bullen, Alex"]
[WhiteFideId "14101785"]
[BlackFideId "1801627"]
[WhiteElo "1959"]
[BlackElo "2253"]
[Result "0-1"]
[Round "10"]
[TimeControl "180+2"]
[Date "2023.06.27"]
[WhiteClock "0:01:04"]
[BlackClock "0:01:11"]
[Board "102"]

1. d4 g6 2. Nf3 Bg7 3. Bf4 c5 4. e3 cxd4 5. exd4 b6 6. Bc4 d5 7. Bb3 Nc6 8. c3 Nf6 9. O-O O-O 10. Nbd2 Bg4 11. Re1 e6 12. h3 Bxf3 13. Nxf3 Ne4 14. Nd2 Nxd2 15. Qxd2 Na5 16. Bc2 Nc4 17. Qc1 b5 18. b3 Nb6 19. Bh6 Rc8 20. Bxg7 Kxg7 21. Qe3 Qc7 22. Bd3 Qxc3 23. Bxb5 Qxe3 24. Rxe3 Rc2 25. a4 a5 26. Rae1 Rfc8 27. R1e2 R2c3 28. Rb2 Rxe3 29. fxe3 Rc3 30. Kf2 Nc8 31. b4 axb4 32. Rxb4 Nd6 33. Kf3 Nf5 34. Be8 Rxe3+ 35. Kf2 Ra3 36. g4 Nd6 37. Bd7 Rxh3 38. Rb6 Ne4+ 39. Kg2 Ra3 40. Rb7 Kf6 41. Be8 Nd6 42. Rb8 Nxe8 43. Rxe8 Rxa4 44. Rh8 Kg7 45. Rxh7+ Kxh7 0-1


[Site "https://www.chess.com"]

[Event "Titled Tuesday Blitz June 27 Late 2023"]
[White "Burke, Paul"]
[Black "Quirke, Jeffrey"]
[WhiteFideId "2605767"]
[BlackFideId "2013029"]
[WhiteElo "1944"]
[BlackElo "2238"]
[Result "1-0"]
[Round "10"]
[TimeControl "180+2"]
[Date "2023.06.27"]
[WhiteClock "0:01:47"]
[BlackClock "0:00:23"]
[Board "103"]

1. e4 e6 2. d4 d5 3. e5 c5 4. Qg4 cxd4 5. Nf3 Nc6 6. Bd3 h5 7. Qg3 h4 8. Qg4 Nh6 9. Bxh6 Rxh6 10. O-O Qc7 11. Re1 Bd7 12. c3 O-O-O 13. Qf4 f6 14. cxd4 Kb8 15. Nc3 fxe5 16. dxe5 Rf6 17. Qxh4 Nxe5 18. Nxe5 Bd6 19. f4 Qb6+ 20. Kh1 Qxb2 21. Rac1 Bc8 22. Nf7 Rxf4 23. Qxd8 1-0


[Site "https://www.chess.com"]

[Event "Titled Tuesday Blitz June 27 Late 2023"]
[White "Sokolov, Andrei"]
[Black "Hartikainen, Jarmo"]
[WhiteFideId "11600306"]
[BlackFideId "503134"]
[WhiteElo "2322"]
[BlackElo "2146"]
[Result "0-1"]
[Round "10"]
[TimeControl "180+2"]
[Date "2023.06.27"]
[WhiteClock "0:00:00"]
[BlackClock "0:00:03"]
[Board "104"]

1. d4 Nf6 2. c4 g6 3. Nc3 d5 4. cxd5 Nxd5 5. e4 Nxc3 6. bxc3 Bg7 7. Nf3 O-O 8. Be3 c5 9. Be2 Nd7 10. O-O b6 11. a4 a6 12. Rb1 Qc7 13. Qb3 Bb7 14. Bd3 Rac8 15. Qb2 f5 16. Ng5 fxe4 17. Ne6 Qc6 18. Bc4 Kh8 19. Nxf8 Rxf8 20. d5 Qf6 21. Rbc1 Ne5 22. Be2 Bxd5 23. Rfd1 e6 24. Rb1 Nf3+ 25. Bxf3 exf3 26. Qd2 fxg2 27. Rxb6 Qxc3 28. Qxc3 Bxc3 29. Bxc5 Rc8 30. Be3 Ba5 31. Rbb1 Bf3 32. Rdc1 Rxc1+ 33. Rxc1 Kg7 34. Rc8 Kf6 0-1


[Site "https://www.chess.com"]

[Event "Titled Tuesday Blitz June 27 Late 2023"]
[White "Crispin Ferreras, Darvi Abraham"]
[Black "Waldo Zalapa, Alejandro"]
[WhiteFideId "6402771"]
[BlackFideId "5106109"]
[WhiteElo "2289"]
[BlackElo "2159"]
[Result "1-0"]
[Round "10"]
[TimeControl "180+2"]
[Date "2023.06.27"]
[WhiteClock "0:01:56"]
[BlackClock "0:00:50"]
[Board "105"]

1. e4 c5 2. Nf3 d6 3. c3 Nf6 4. Be2 e6 5. O-O Be7 6. Re1 O-O 7. d3 Nc6 8. h3 b6 9. Bf1 Bb7 10. Bf4 d5 11. e5 Nd7 12. d4 cxd4 13. cxd4 Rc8 14. Nc3 Na5 15. Rc1 Nc4 16. b3 Na5 17. Nb5 a6 18. Nd6 Bxd6 19. exd6 Qf6 20. Qd2 h6 21. Bd3 Nc6 22. Ne5 Ndxe5 23. dxe5 Qd8 24. Bxh6 a5 25. Bg5 Qd7 26. Qf4 f5 27. exf6 gxf6 28. Bxf6 Qf7 29. Qg5+ 1-0


[Site "https://www.chess.com"]

[Event "Titled Tuesday Blitz June 27 Late 2023"]
[White "Vila Dupla, Aurelio"]
[Black "Ricaurte Lopez, Juan Carlos"]
[WhiteFideId "2203383"]
[BlackFideId "3600327"]
[WhiteElo "2186"]
[BlackElo "2109"]
[Result "1-0"]
[Round "10"]
[TimeControl "180+2"]
[Date "2023.06.27"]
[WhiteClock "0:00:21"]
[BlackClock "0:00:08"]
[Board "107"]

1. e4 e5 2. f4 d5 3. exd5 e4 4. d3 Nf6 5. Qe2 Bg4 6. Nf3 Qxd5 7. Nc3 Bb4 8. Bd2 Bxc3 9. Bxc3 O-O 10. dxe4 Nxe4 11. Qd3 Nxc3 12. bxc3 Re8+ 13. Be2 Bxf3 14. Qxf3 Qxf3 15. gxf3 Nd7 16. Kf2 Re7 17. Bc4 Rae8 18. Rad1 Nb6 19. Bd3 c5 20. Be4 g6 21. f5 Kg7 22. fxg6 hxg6 23. Rhg1 Nc4 24. h4 Kf6 25. Rd5 b6 26. h5 Re5 27. hxg6 fxg6 28. Rxg6+ Ke7 29. Rg7+ Kf6 30. Rxe5 Rxe5 31. Rxa7 Rh5 32. Ra6 Ke5 33. Bd3 b5 34. a4 Nd6 35. Bxb5 Rh2+ 36. Kg3 Rxc2 37. f4+ Kf6 38. Rxd6+ 1-0


[Site "https://www.chess.com"]

[Event "Titled Tuesday Blitz June 27 Late 2023"]
[White "Powell, Paul"]
[Black "Bongo Akanga Ndjila, Barthelemy"]
[WhiteFideId "2005840"]
[BlackFideId "10609431"]
[WhiteElo "2178"]
[BlackElo "2084"]
[Result "1-0"]
[Round "10"]
[TimeControl "180+2"]
[Date "2023.06.27"]
[WhiteClock "0:00:14"]
[BlackClock "0:00:04"]
[Board "108"]

1. d4 d5 2. Nf3 e6 3. Bf4 Nf6 4. e3 Be7 5. h3 c5 6. c3 Nc6 7. Nbd2 O-O 8. Bd3 Bd6 9. Ne5 Ne7 10. Ndf3 b6 11. O-O Bb7 12. Rc1 Ne4 13. Bb1 f6 14. Ng4 Bxf4 15. exf4 Qd6 16. g3 Rac8 17. Qd3 e5 18. fxe5 fxe5 19. Ngxe5 Ng6 20. Nxg6 Qxg6 21. Ne5 Qg5 22. Rce1 Rc7 23. Kg2 Bc8 24. h4 Qf5 25. g4 Qf4 26. Qe3 Qf6 27. f3 Nd6 28. Rh1 cxd4 29. cxd4 Nc4 30. Qd3 g6 31. Re2 Re8 32. h5 Nxe5 33. dxe5 Rxe5 34. Rxe5 Qxe5 35. hxg6 Qxb2+ 36. Kh3 Rg7 37. Qxd5+ Kh8 38. Kg3 Qf6 39. Rxh7+ Rxh7 40. gxh7 Bb7 41. Qg8# 1-0


[Site "https://www.chess.com"]

[Event "Titled Tuesday Blitz June 27 Late 2023"]
[White "NtcPou"]
[Black "Oliveira, Tiago Batista"]
[BlackFideId "2108291"]
[WhiteElo "1986"]
[BlackElo "2161"]
[Result "0-1"]
[Round "10"]
[TimeControl "180+2"]
[Date "2023.06.27"]
[WhiteClock "0:00:52"]
[BlackClock "0:00:06"]
[Board "109"]

1. e4 c5 2. Nf3 Nc6 3. Bb5 d6 4. O-O Bd7 5. Re1 a6 6. Bf1 Bg4 7. c3 g6 8. h3 Bxf3 9. Qxf3 Bg7 10. d3 Nf6 11. Be3 Nd7 12. Na3 O-O 13. Rad1 e5 14. Nc2 f5 15. d4 f4 16. Bc1 cxd4 17. cxd4 exd4 18. a3 Qb6 19. Qg4 Nde5 20. Qe6+ Kh8 21. Qxd6 Rad8 22. Qe6 Rf6 23. Qa2 d3 24. Nb4 Nxb4 25. axb4 Qxb4 26. Bd2 Qf8 27. Bc3 Rf7 28. Bxe5 Bxe5 29. Rxd3 Rxd3 30. Bxd3 f3 31. g3 Rd7 32. Bf1 Qd6 33. Kh2 Qd2 34. Qb1 Qxf2+ 35. Kh1 Bxg3 0-1


[Site "https://www.chess.com"]

[Event "Titled Tuesday Blitz June 27 Late 2023"]
[White "Allam, Yara"]
[Black "Cardenas Carbajal, Nilson"]
[WhiteFideId "10615709"]
[BlackFideId "8401128"]
[WhiteElo "2067"]
[BlackElo "2103"]
[Result "1/2-1/2"]
[Round "10"]
[TimeControl "180+2"]
[Date "2023.06.27"]
[WhiteClock "0:00:16"]
[BlackClock "0:00:15"]
[Board "110"]

1. e4 c5 2. Nf3 d6 3. d4 cxd4 4. Nxd4 Nf6 5. Nc3 a6 6. f3 e5 7. Nb3 Be7 8. Be3 Be6 9. Qd2 O-O 10. g4 d5 11. exd5 Nxd5 12. Nxd5 Bxd5 13. Be2 Bh4+ 14. Kf1 Nc6 15. Rd1 Bxb3 16. axb3 Qf6 17. Kg2 Rad8 18. Qc3 Nd4 19. Bxd4 exd4 20. Qb4 Rfe8 21. Rd2 Bg5 22. Rhd1 Bxd2 23. Rxd2 Re3 24. Qxb7 Rde8 25. Qxa6 Qf4 26. Qc4 Rxf3 27. Bxf3 Qxd2+ 28. Kh3 h5 29. gxh5 Qf4 30. Qc6 Re3 31. Kg2 Qg5+ 32. Kf1 Qf4 33. Kg2 Kh7 34. b4 Qg5+ 35. Kf1 Qh4 36. Kg2 Qe1 37. b5 Qd2+ 38. Kg3 Qe1+ 39. Kg2 Qd2+ 40. Kg3 Qe1+ 41. Kg2 1/2-1/2


[Site "https://www.chess.com"]

[Event "Titled Tuesday Blitz June 27 Late 2023"]
[White "Sainz Aguirre, Ignacio"]
[Black "campochess"]
[WhiteFideId "5101727"]
[WhiteElo "1959"]
[BlackElo "2135"]
[Result "0-1"]
[Round "10"]
[TimeControl "180+2"]
[Date "2023.06.27"]
[WhiteClock "0:00:04"]
[BlackClock "0:00:24"]
[Board "111"]

1. e4 c5 2. Nf3 Nc6 3. Bb5 e6 4. O-O Nge7 5. c3 a6 6. Ba4 b5 7. Bc2 d5 8. exd5 Nxd5 9. a4 Rb8 10. d4 cxd4 11. Nxd4 Nxd4 12. Qxd4 Qf6 13. Qa7 Rb6 14. Qa8 Qd8 15. axb5 axb5 16. Ra7 Bd6 17. Rd1 O-O 18. Rxd5 exd5 19. Be3 Rb8 20. Qc6 Be6 21. Na3 b4 22. Nb5 Rxb5 23. Qxb5 bxc3 24. bxc3 Qh4 25. g3 Qh3 26. Qf1 Qh5 27. Qd3 g6 28. Bd4 Bf5 29. Qd2 Bg4 30. Qe1 Bf3 31. Qf1 Qg5 32. Bd1 Be4 33. f3 Bf5 34. Be2 Qd2 35. Bb5 Bb8 36. Rb7 h5 37. g4 Qxh2# 0-1


[Site "https://www.chess.com"]

[Event "Titled Tuesday Blitz June 27 Late 2023"]
[White "Ng, Matthew K"]
[Black "Winkels, Marcel"]
[WhiteFideId "2094371"]
[BlackFideId "1003887"]
[WhiteElo "2008"]
[BlackElo "2069"]
[Result "1-0"]
[Round "10"]
[TimeControl "180+2"]
[Date "2023.06.27"]
[WhiteClock "0:00:18"]
[BlackClock "0:00:00"]
[Board "112"]

1. e4 c5 2. Nf3 d6 3. g3 Nc6 4. Bg2 g6 5. O-O Bg7 6. c3 e5 7. d3 Nge7 8. Be3 O-O 9. d4 cxd4 10. cxd4 Bg4 11. d5 Nd4 12. Bxd4 exd4 13. Qd3 Qb6 14. b3 Rac8 15. h3 Bxf3 16. Bxf3 f5 17. Nd2 Rc3 18. Qe2 Rfc8 19. Nc4 Qd8 20. Rad1 b5 21. Nd2 Qf8 22. Qxb5 Bh6 23. Bg2 Rc2 24. Nc4 Rd8 25. Rxd4 Bg7 26. Rd2 Rxd2 27. Nxd2 Bd4 28. Qa4 f4 29. Qxd4 fxg3 30. fxg3 Qe8 31. Qf6 Nc8 32. Nc4 Qd7 33. e5 dxe5 34. Nxe5 Qd6 35. Qxd6 Nxd6 36. Nc6 Re8 37. Nxa7 Re2 38. a4 Rb2 39. Rf3 Nf5 40. Rc3 Nd4 41. Nc6 Ne2+ 42. Kh2 Nxc3 43. d6 Rd2 44. a5 Rxd6 45. a6 Nb5 46. b4 Rd7 47. Ne5 Re7 48. Bd5+ Kg7 49. Nc6 Rd7 50. Bc4 1-0


[Site "https://www.chess.com"]

[Event "Titled Tuesday Blitz June 27 Late 2023"]
[White "Gyulamiryan-koryun"]
[Black "Awoki, Daniel Teidi"]
[BlackFideId "2100827"]
[WhiteElo "2043"]
[BlackElo "2366"]
[Result "0-1"]
[Round "10"]
[TimeControl "180+2"]
[Date "2023.06.27"]
[WhiteClock "0:01:26"]
[BlackClock "0:02:05"]
[Board "113"]

1. e4 c5 2. Nf3 d6 3. d4 cxd4 4. Nxd4 Nf6 5. Nc3 a6 6. Be3 e5 7. Nb3 Be6 8. f3 Be7 9. Qd2 Nbd7 10. g4 O-O 11. h4 b5 12. h5 Nb6 13. Qf2 Nc4 14. Bxc4 bxc4 15. Nd2 d5 16. g5 d4 17. gxf6 Bxf6 18. Nd5 Bxd5 19. exd5 dxe3 20. Qxe3 Bh4+ 21. Ke2 Bg5 22. Qxe5 Re8 23. Nxc4 Rxe5+ 24. Nxe5 Qe7 25. Rae1 Qxe5+ 26. Kf2 Qxd5 27. Re4 h6 28. Rhe1 Qc5+ 29. Kg3 Qxc2 30. R1e2 Qc7+ 31. Kg4 f5+ 32. Kxf5 Rf8+ 33. Kg4 Rf4+ 34. Kh3 Rxf3+ 35. Kg2 Qg3+ 36. Kh1 Rf1# 0-1


[Site "https://www.chess.com"]

[Event "Titled Tuesday Blitz June 27 Late 2023"]
[White "Bortnyk, Olexandr"]
[Black "Martinez Alcantara, Jose Eduardo"]
[WhiteFideId "14120828"]
[BlackFideId "3805662"]
[WhiteElo "3026"]
[BlackElo "3040"]
[Result "1/2-1/2"]
[Round "11"]
[TimeControl "180+2"]
[Date "2023.06.27"]
[WhiteClock "0:01:42"]
[BlackClock "0:02:47"]
[Board "1"]

1. e4 c5 2. Be2 Nc6 3. d3 g6 4. f4 Bg7 5. Nf3 d6 6. c3 e6 7. Be3 Nf6 8. O-O O-O 9. Kh1 b6 10. Nbd2 Bb7 11. d4 cxd4 12. cxd4 a6 13. a3 b5 14. Qe1 Rc8 15. Qh4 Ne7 16. Bd3 d5 1/2-1/2


[Site "https://www.chess.com"]

[Event "Titled Tuesday Blitz June 27 Late 2023"]
[White "Rasulov, Vugar"]
[Black "Nakamura, Hikaru"]
[WhiteFideId "13402390"]
[BlackFideId "2016192"]
[WhiteElo "2958"]
[BlackElo "3205"]
[Result "1/2-1/2"]
[Round "11"]
[TimeControl "180+2"]
[Date "2023.06.27"]
[WhiteClock "0:00:12"]
[BlackClock "0:00:30"]
[Board "2"]

1. e4 c6 2. d4 d5 3. exd5 Qxd5 4. Nf3 Nf6 5. c4 Qa5+ 6. Nc3 g6 7. Be2 Ne4 8. O-O Nxc3 9. bxc3 Bg7 10. Bg5 e6 11. Qd2 h6 12. Bf4 Nd7 13. Bd6 Bf8 14. Bxf8 Kxf8 15. c5 Qc7 16. Qe3 b6 17. Ne5 Kg7 18. Bf3 Bb7 19. Rfd1 Rad8 20. Nc4 Nf6 21. Nd6 Ba6 22. Qe5 Rd7 23. g4 Rhd8 24. h4 Rxd6 25. cxd6 Qxd6 26. Qxd6 Rxd6 27. Kg2 Nd5 28. Rac1 Bc4 29. Kg3 Bxa2 30. c4 Nb4 31. c5 bxc5 32. dxc5 Rxd1 33. Rxd1 a5 34. Ra1 a4 35. Bxc6 a3 36. Be4 Kf6 37. Kf4 g5+ 38. hxg5+ hxg5+ 39. Ke3 Ke5 40. c6 Kd6 41. Kd4 Bd5 42. Rxa3 Nxc6+ 43. Ke3 Ne5 44. Ra6+ Kc5 45. f3 Nc4+ 46. Kd3 Ne5+ 47. Ke3 Nc4+ 48. Kd3 Ne5+ 49. Ke3 1/2-1/2


[Site "https://www.chess.com"]

[Event "Titled Tuesday Blitz June 27 Late 2023"]
[White "Nihal Sarin"]
[Black "Mihajlov, Sebastian"]
[WhiteFideId "25092340"]
[BlackFideId "1512110"]
[WhiteElo "3112"]
[BlackElo "2774"]
[Result "1-0"]
[Round "11"]
[TimeControl "180+2"]
[Date "2023.06.27"]
[WhiteClock "0:00:17"]
[BlackClock "0:00:42"]
[Board "3"]

1. e4 e6 2. d4 d5 3. Nd2 a6 4. Ngf3 c5 5. exd5 exd5 6. Bd3 Nf6 7. O-O c4 8. Re1+ Be7 9. Be2 O-O 10. Ne5 Nc6 11. Ndf3 Bf5 12. c3 Bd6 13. Bg5 h6 14. Bh4 Re8 15. Bf1 Be7 16. b3 cxb3 17. axb3 Rc8 18. c4 Be4 19. Nxc6 Rxc6 20. Ne5 Rc8 21. f3 Bf5 22. c5 Nd7 23. Bxe7 Rxe7 24. Nxd7 Qxd7 25. Rxe7 Qxe7 26. Qd2 Re8 27. b4 Bd7 28. h3 Qf6 29. Ra3 Qg6 30. Re3 Rxe3 31. Qxe3 Bb5 32. Bxb5 axb5 33. Qe8+ Kh7 34. Qxb5 Qb1+ 35. Kh2 Qd1 36. Qxb7 Qxd4 37. Qxf7 Qxb4 38. Qf5+ Kh8 39. Qf8+ Kh7 40. Qf5+ Kh8 41. Qxd5 Qf4+ 42. Kg1 Qe3+ 43. Kf1 Qc1+ 44. Kf2 Qc2+ 45. Kg3 Qg6+ 46. Kh2 Qf6 47. Qd6 1-0


[Site "https://www.chess.com"]

[Event "Titled Tuesday Blitz June 27 Late 2023"]
[White "Zhigalko, Sergei"]
[Black "Pranesh M"]
[WhiteFideId "13502956"]
[BlackFideId "35028600"]
[WhiteElo "2906"]
[BlackElo "3034"]
[Result "0-1"]
[Round "11"]
[TimeControl "180+2"]
[Date "2023.06.27"]
[WhiteClock "0:00:00"]
[BlackClock "0:01:30"]
[Board "4"]

1. e4 e5 2. Nf3 Nc6 3. Bc4 Nf6 4. d3 Bc5 5. O-O O-O 6. Nbd2 a6 7. c3 h6 8. Bb3 d6 9. h3 Be6 10. Re1 Ba7 11. Nf1 Ne7 12. Ng3 Ng6 13. Bxe6 fxe6 14. d4 Qe7 15. Be3 Kh7 16. Qb3 exd4 17. cxd4 c6 18. Rad1 d5 19. Bc1 Qf7 20. Re2 Rad8 21. Rde1 Kh8 22. Qc2 dxe4 23. Nxe4 Nd5 24. Ne5 Nxe5 25. dxe5 Nb4 26. Qb3 Nd3 27. Rf1 Nxe5 28. Be3 Rd3 29. Bxa7 Rxb3 30. axb3 Qg6 31. Kh1 Nd3 32. f3 Kh7 33. Rd2 Nf4 34. Be3 Nd5 35. Bd4 Qf5 36. Re1 Qf4 37. Rde2 e5 38. Bf2 Qf5 39. Ng3 Qd3 40. Rxe5 Qxb3 0-1


[Site "https://www.chess.com"]

[Event "Titled Tuesday Blitz June 27 Late 2023"]
[White "Grischuk, Alexander"]
[Black "De La Villa Garcia, Jesus Maria"]
[WhiteFideId "4126025"]
[BlackFideId "2200040"]
[WhiteElo "3027"]
[BlackElo "2704"]
[Result "1-0"]
[Round "11"]
[TimeControl "180+2"]
[Date "2023.06.27"]
[WhiteClock "0:00:17"]
[BlackClock "0:00:01"]
[Board "5"]

1. d4 Nf6 2. Nf3 c5 3. d5 g6 4. Nc3 Bg7 5. e4 O-O 6. e5 Ng4 7. Ng5 d6 8. e6 Nxf2 9. Kxf2 fxe6+ 10. Ke1 exd5 11. Qxd5+ e6 12. Qe4 Nc6 13. Bd2 d5 14. Qh4 h6 15. Nf3 g5 16. Qh5 d4 17. Ne4 Qd5 18. Ng3 e5 19. Bd3 c4 20. Be4 Qd6 21. Nxg5 c3 22. bxc3 dxc3 23. Be3 Nd4 24. Rf1 Rxf1+ 25. Kxf1 hxg5 26. Qh7+ Kf8 27. Kg1 Be6 28. Rf1+ Bf7 29. Bg6 Qe6 30. Rxf7+ Qxf7 31. Bxf7 Kxf7 32. Bxd4 exd4 33. Nh5 Rg8 34. Qf5+ Ke7 35. Qe4+ Kf7 36. Qd5+ Kf8 37. Nxg7 Rxg7 38. Qxd4 Rc7 39. Qd8+ 1-0


[Site "https://www.chess.com"]

[Event "Titled Tuesday Blitz June 27 Late 2023"]
[White "Xiong, Jeffery"]
[Black "Carlsen, Magnus"]
[WhiteFideId "2047640"]
[BlackFideId "1503014"]
[WhiteElo "2930"]
[BlackElo "3269"]
[Result "0-1"]
[Round "11"]
[TimeControl "180+2"]
[Date "2023.06.27"]
[WhiteClock "0:00:59"]
[BlackClock "0:01:59"]
[Board "6"]

1. e4 e6 2. d4 d5 3. e5 c5 4. c3 Nc6 5. Nf3 Bd7 6. Be2 Nge7 7. Na3 cxd4 8. cxd4 Nf5 9. Nc2 Be7 10. O-O O-O 11. Bd3 f6 12. Bxf5 exf5 13. Re1 Be8 14. exf6 Bxf6 15. Ne5 Bxe5 16. dxe5 d4 17. Qd3 f4 18. Bd2 Qd5 19. Nb4 Nxb4 20. Bxb4 Bg6 21. Qd2 Rf5 22. e6 f3 23. Rad1 Rg5 24. Qxd4 Rxg2+ 25. Kh1 Qxd4 26. Rxd4 Rxf2 27. e7 Re8 28. Rf4 h6 29. Rf8+ Kh7 30. Bc3 Rxe7 0-1


[Site "https://www.chess.com"]

[Event "Titled Tuesday Blitz June 27 Late 2023"]
[White "Naroditsky, Daniel"]
[Black "Sjugirov, Sanan"]
[WhiteFideId "2026961"]
[BlackFideId "4189302"]
[WhiteElo "3092"]
[BlackElo "2946"]
[Result "1/2-1/2"]
[Round "11"]
[TimeControl "180+2"]
[Date "2023.06.27"]
[WhiteClock "0:00:05"]
[BlackClock "0:00:02"]
[Board "7"]

1. e4 c5 2. c3 Nf6 3. e5 Nd5 4. Nf3 d6 5. d4 cxd4 6. cxd4 dxe5 7. dxe5 Nc6 8. Bc4 Be6 9. O-O g6 10. Qe2 Bg7 11. Rd1 Qa5 12. Bd2 Qb6 13. Nc3 Nxc3 14. Bxc3 Bxc4 15. Qxc4 O-O 16. e6 f5 17. Bxg7 Kxg7 18. Qc3+ Kg8 19. Rd7 Rae8 20. Ng5 Nd8 21. Re1 h6 22. Nf3 Nxe6 23. Qc4 Rf6 24. Nd4 Kf7 25. a4 Qa6 26. Qb3 Qb6 27. Qc4 Qa6 28. Qd5 Rc8 29. h4 Qc4 30. Qxb7 Rc7 31. Rxc7 Qxc7 32. Qb3 Qb6 33. Qxb6 axb6 34. Nb5 Nc5 35. Nc3 Rd6 36. b4 Nd3 37. Rb1 Rd4 38. a5 bxa5 39. bxa5 Rc4 40. Rb3 Nc5 41. Ra3 Na6 42. g3 Ke6 43. Ne2 g5 44. hxg5 hxg5 45. Kg2 Kd5 46. Rd3+ Ke5 47. Re3+ Kf6 48. Nc3 Rc5 49. g4 Rxa5 50. gxf5 Rxf5 51. Ne4+ Kf7 52. Ng3 Rf6 53. Re5 g4 54. Rg5 Rg6 55. Rf5+ Rf6 56. Rg5 Rg6 57. Rf5+ Ke6 58. Rb5 Nc7 59. Ra5 Nd5 60. Ne2 Rg5 61. Kg3 Re5 62. Nd4+ Kf7 63. Ra4 Re4 64. Rc4 Nb6 65. Rb4 Nd7 66. f3 gxf3 67. Kxf3 Rh4 68. Nc2 Ne5+ 69. Kg3 Rh8 70. Re4 Nc6 71. Ne3 e5 72. Rc4 Ne7 73. Rc7 Ke6 74. Kf3 Rf8+ 75. Ke2 Rd8 76. Ra7 Rd6 77. Ra5 Nc6 78. Ra8 Nd4+ 79. Kd3 Nf5+ 80. Ke2 Nxe3 81. Kxe3 Kd5 82. Ra5+ Ke6 83. Ra4 1/2-1/2


[Site "https://www.chess.com"]

[Event "Titled Tuesday Blitz June 27 Late 2023"]
[White "Chigaev, Maksim"]
[Black "Sargsyan, Shant"]
[WhiteFideId "4108116"]
[BlackFideId "13306766"]
[WhiteElo "2918"]
[BlackElo "3019"]
[Result "1-0"]
[Round "11"]
[TimeControl "180+2"]
[Date "2023.06.27"]
[WhiteClock "0:00:16"]
[BlackClock "0:00:05"]
[Board "8"]

1. e4 g6 2. d4 Nf6 3. Nc3 d5 4. e5 Ne4 5. h4 Nxc3 6. bxc3 c5 7. h5 Bg7 8. h6 Bf8 9. Nf3 Nc6 10. Rb1 Qa5 11. Bd2 c4 12. Be2 f6 13. O-O b6 14. Re1 Kf7 15. Nh4 Nd8 16. Bf3 Be6 17. a4 Qxa4 18. exf6 exf6 19. Rxe6 Nxe6 20. Bxd5 Rd8 21. Qf3 Bd6 22. Bg5 Be7 23. Re1 Rd6 24. Bf4 Rhd8 25. Bxd6 Rxd6 26. Nf5 gxf5 27. Qxf5 Qd7 28. Qxh7+ Kf8 29. Bxe6 Rxe6 30. Qg7+ Ke8 31. Qg8+ 1-0


[Site "https://www.chess.com"]

[Event "Titled Tuesday Blitz June 27 Late 2023"]
[White "Horvath, Dominik"]
[Black "Andreikin, Dmitry"]
[WhiteFideId "1642561"]
[BlackFideId "4158814"]
[WhiteElo "2910"]
[BlackElo "3016"]
[Result "1/2-1/2"]
[Round "11"]
[TimeControl "180+2"]
[Date "2023.06.27"]
[WhiteClock "0:01:25"]
[BlackClock "0:00:21"]
[Board "9"]

1. f4 b6 2. Nf3 Bb7 3. e3 Nf6 4. g3 g5 5. Bg2 g4 6. Nh4 Bxg2 7. Nxg2 h5 8. b3 Bg7 9. Bb2 e6 10. Na3 d5 11. Qe2 c5 12. O-O-O Nc6 13. Nh4 Qd7 14. Kb1 O-O-O 15. Qa6+ Qb7 16. Qe2 d4 17. e4 d3 18. cxd3 Nb4 19. e5 Nfd5 20. d4 cxd4 21. Bxd4 Kb8 22. Bb2 Bf8 23. Rhf1 Rc8 24. Nc4 Qa6 25. a3 Nc6 26. Qe4 Na5 27. Nxa5 Qxa5 28. Qa4 Qxa4 29. bxa4 Be7 30. Ng2 Rc4 31. Ne3 Nxe3 32. dxe3 Rd8 33. Rxd8+ Bxd8 34. h3 Rxa4 35. hxg4 hxg4 36. Rh1 Be7 37. Kc2 Bc5 38. Rh7 Bxe3 39. Rxf7 Bf2 40. f5 exf5 41. e6 Re4 42. e7 Kc8 43. Rf8+ Kd7 44. Bf6 Rxe7 45. Bxe7 Kxe7 46. Rxf5 Bxg3 47. Rg5 Bd6 48. Rxg4 Bxa3 49. Ra4 Bc5 50. Rxa7+ Kd6 51. Rb7 Kc6 52. Rxb6+ Kxb6 1/2-1/2


[Site "https://www.chess.com"]